 Dungeon Sprint DCSS version 0.17-a0-1311-gbcbd859 (webtiles) character file.

2100000 Kidiri the Slayer (level 14, -1/154 HPs)
             Began as a Minotaur Gladiator on June 8, 2015.
             Was a Believer of Makhleb.
             Slain by a large bag of meat
             ... wielding a +9 giant spiked club
              (92 damage)
             ... in the Dungeon (Sprint VIII: "Arena of Blood").
             The game lasted 00:02:49 (21 turns).

Kidiri the Slayer (Minotaur Gladiator)                Turns: 21, Time: 00:02:50

Health: -1/154     AC:  6    Str: 22    XL:     14   Next: 78%
Magic:  2/23       EV: 25    Int:  5    God:    Makhleb [**....]
Gold:   0          SH:  0    Dex: 14    Spells: 0 memorised, 13 levels left

rFire  . . .     SeeInvis .     l - +∞ Axe of Woe
rCold  . . .     Clarity  .     b - +0 leather armour
rNeg   . . .     SustAt   .     (no shield)
rPois  .         Gourm    .     c - +0 hat
rElec  .         Spirit   .     (no cloak)
rCorr  .         Warding  .     (no gloves)
rMut   .         NoTele   +     (no boots)
MR     +....                    (no amulet)
Stlth  +.........               (no ring)
                                (no ring)

@: somewhat resistant to hostile enchantments, very unstealthy
A: retaliatory headbutt, horns 2
a: Minor Destruction, Renounce Religion


You were in the Dungeon.
You worshipped Makhleb.
Makhleb was pleased with you.
You were not hungry.

You visited 1 branch

Inventory:

Hand weapons
 a - a +0 war axe
 l - the +∞ Axe of Woe (weapon)
   (You found it in the Dungeon)
Missiles
 d - 3 throwing nets (quivered)
Armour
 b - a +0 leather armour (worn)
 c - a +0 hat (worn)
Scrolls
 k - a scroll of blinking
Potions
 f - a potion of curing
 g - a potion of heal wounds
 h - a potion of haste
 i - 2 potions of magic
 j - a potion of berserk rage
Comestibles
 e - a bread ration


   Skills:
 * Level 22.3 Fighting
 + Level 17.0 Axes
 + Level 14.5 Throwing
 * Level 22.1 Armour
 * Level 20.9 Dodging
 + Level 14.3 Invocations


You had 13 spell levels left.
You didn't know any spells.

Dungeon Overview and Level Annotations

Branches:
Dungeon (1/1)

Altars:
Makhleb


Innate Abilities, Weirdness & Mutations

You reflexively headbutt those who attack you in melee.
You have a pair of horns on your head.


Message History

Unknown command. 6 orcs come into view.
The bag of meat shouts! x4
You hear a shout! x10 2 orcs come into view.
The bag of meat shouts! x2
You hear a shout! x6 2 orcs come into view.
The bag of meat shouts! x2
You hear a shout! x7
The large bag of meat appears out of thin air!
A large bag of meat comes into view. It is wielding a +9 giant spiked club.
A meat berserker comes into view. It is wielding a +9 battleaxe.
The large bag of meat shouts!
You hear a shout!
The bag of meat closely misses you. You furiously retaliate!
You headbutt the bag of meat, but do no damage.
You hear a shout! x5
The large bag of meat hits you with a +9 giant spiked club!!!!
Ouch! That really hurt!
You die... .... ...o .O.. .... .o. ... #oo

..# . #.. ..#
..###.. ..###..
.....oo###.......
........_).......
.....#C@)).#.....
... #_o<._# ... .
#.....# .
....._.....
......###...Co.
.###.. ..###. #..
..# #.. ..# .. ..


You could see 2 large bags of meat, a meat berserker (berserk) and 7 bags of
meat.

Vanquished Creatures
  An ogre (D)
  3 orcs (D)
4 creatures vanquished.

Notes
Turn   | Place    | Note
--------------------------------------------------------------
     0 | D        | Kidiri the Minotaur Gladiator began the quest for the Orb.
     0 | D        | Reached XP level 1. HP: 18/18 MP: 0/0
     4 | D        | Became a worshipper of Makhleb the Destroyer
     5 | D        | Noticed a bag of meat
     6 | D        | Noticed a bag of meat
     6 | D        | Killed a bag of meat
     6 | D        | Reached skill level 16 in Fighting
     6 | D        | Reached skill level 10 in Throwing
     6 | D        | Reached skill level 15 in Dodging
     6 | D        | Reached skill level 10 in Invocations
     6 | D        | Reached XP level 2. HP: 21/49 MP: 0/7
     6 | D        | Reached XP level 3. HP: 24/56 MP: 0/8
     6 | D        | Reached XP level 4. HP: 27/63 MP: 0/10
     6 | D        | Reached XP level 5. HP: 30/70 MP: 0/11
     6 | D        | Reached XP level 6. HP: 33/78 MP: 0/12
     6 | D        | Reached XP level 7. HP: 35/85 MP: 0/13
     6 | D        | Reached XP level 8. HP: 38/93 MP: 0/14
     6 | D        | Reached XP level 9. HP: 40/100 MP: 0/15
     6 | D        | Reached XP level 10. HP: 42/107 MP: 0/16
     6 | D        | Reached XP level 11. HP: 44/114 MP: 0/17
    11 | D        | Killed a bag of meat
    11 | D        | Acquired Makhleb's first power
    11 | D        | Reached skill level 18 in Fighting
    11 | D        | Reached XP level 12. HP: 47/128 MP: 0/19
    13 | D        | Noticed a meat berserker
    14 | D        | Killed a meat berserker
    14 | D        | Reached skill level 21 in Fighting
    14 | D        | Reached XP level 13. HP: 50/143 MP: 1/22
    14 | D        | Reached XP level 14. HP: 52/151 MP: 1/23
    15 | D        | Noticed a bag of meat
    16 | D        | Killed a bag of meat
    16 | D        | Acquired Makhleb's second power
    16 | D        | Reached skill level 22 in Fighting
    17 | D        | Noticed a bag of meat
    17 | D        | Noticed a bag of meat
    18 | D        | Noticed a bag of meat
    18 | D        | Noticed a bag of meat
    18 | D        | Noticed a bag of meat
    18 | D        | Noticed a bag of meat
    18 | D        | Noticed a bag of meat
    18 | D        | Noticed a bag of meat
    19 | D        | Noticed a bag of meat
    19 | D        | Noticed a bag of meat
    20 | D        | Noticed a bag of meat
    20 | D        | Noticed a bag of meat
    21 | D        | Noticed a meat berserker
    21 | D        | Noticed a large bag of meat
    21 | D        | Slain by a large bag of meat

Vault maps used:
D:        meatsprint

Action                   |  1- 3 |  4- 6 |  7- 9 | 10-12 | 13-15 || total
-------------------------+-------+-------+-------+-------+-------++-------
Melee: Executioner's axe |     1 |       |       |     2 |     1 ||     4
